 Seeded DCSS version 0.29-a0-617-g7a6b98fccd (webtiles) character file.

Game seed: 16082249642278480031 (custom seed)

55 zeratav the Stinger (level 3, -5/21 HPs)
             Began as an Octopode Venom Mage on June 17, 2022.
             Slain by Terence
             ... wielding a +0 mace
              (8 damage)
             ... on level 2 of the Dungeon.
             The game lasted 00:02:22 (1929 turns).

zeratav the Stinger (Octopode Venom Mage)           Turns: 1929, Time: 00:02:22

Health: -5/21      AC:  1    Str:  7    XL:     3   Next: 93%
Magic:  0/6        EV: 13    Int: 19    God:
Gold:   46         SH:  5    Dex: 12    Spells: 5/6 levels left

rFire   . . .      SeeInvis .   b - +0 whip {mace}
rCold   + . .      Faith    .   (no shield)
rNeg    . . .      Spirit   .   (helmet restricted)
rPois   .          Reflect  +   d - amulet of reflection
rElec   .          Harm     .   h - ring of protection from cold
rCorr   .          Rampage  .   (no ring)
Will    .....                   (no ring)
Stlth   +++.......              (no ring)
HPRegen 0.07/turn               (no ring)
MPRegen 0.10/turn               (no ring)
                                (no ring)
                                (no ring)

@: no status effects
A: almost no armour, amphibious, 8 rings, camouflage 1, gelatinous body 1,
(nimble swimmer 1), tentacles
a: no special abilities


You were on level 2 of the Dungeon.
You visited 1 branch of the dungeon, and saw 2 of its levels.

You collected 46 gold pieces.


Innate Abilities, Weirdness & Mutations

You cannot wear most types of armour.
You are amphibious.
You can wear up to eight rings at the same time.
Your skin changes colour to match your surroundings (Stealth+).
Your rubbery body absorbs attacks. (AC +1, EV +1)
((You are camouflaged when in or above water. (Stealth+)))
You have tentacles for arms and can constrict up to eight enemies at once.


   Skills:
 - Level 2.0 Dodging
 * Level 4.2 Stealth
 + Level 2.4 Spellcasting
 - Level 1.0 Transmutations
 * Level 4.5 Poison Magic


You had 5 spell levels left.
You knew the following spells:

 Your Spells              Type           Power      Damage    Failure   Level
a - Sting                 Tmut/Pois      48%        1d5       5%          1

Your spell library contained the following spells:

 Spells                   Type           Power      Damage    Failure   Level
 Poisonous Vapours        Pois/Air       20%        N/A       10%         2
 Olgreb's Toxic Radiance  Pois           19%        N/A       24%         4
 Mephitic Cloud           Conj/Pois/Air  8%         N/A       26%         3

Inventory:

Hand Weapons
 b - a +0 whip (weapon) {mace}
   (You found it on level 1 of the Dungeon)
Jewellery
 d - an amulet of reflection (around mantle)
   (You found it on level 1 of the Dungeon)
 h - a ring of protection from cold (left tentacle)
   (You found it on level 2 of the Dungeon)
Scrolls
 f - a scroll of identify {unknown}
 g - a scroll of poison {unknown}
Potions
 a - a potion of magic
 c - a potion of curing {unknown}
 e - a potion of degeneration {unknown}

Dungeon Overview and Level Annotations

Branches:
Dungeon (2/15) Zot: 10067

Altars:

Annotations:
D:2 Terence

#...... .>............#######
#...... #.................#
.......####.....##..........#
...........)....†...........#
.......###.####.##..........#
..$.....##.###†..#..........#
#......<........############
....##..........# .
#........@@...#
#####......#..# #......#..#
#......#..## ..##..###...#
##..!#.. #..)# ###..#..##...
##. #.... #. #.#...


You could see Terence (very poisoned).


Message History

MP[-1]
You lost 1 mp, and now have 0/6 mp.
You are out of magic!
You are out of magic!
Casting: Sting (safe; 5% risk of failure)
Confirm with . or Enter, or press ? or * to list all spells.
Okay, then.
You hit the adder but do no damage. You grab the adder.
You squeeze the adder, but do no damage.
You constrict the adder.
You kill the adder!
You start resting.
Your magical contamination has completely faded away.
HP[+3] MP[+6]
Your hp is fully restored (21).
Your mp is fully restored (6).
A giant cockroach and a kobold come into view.
The sting misses the giant cockroach.
MP[-1]
You lost 1 mp, and now have 5/6 mp.
The sting hits the giant cockroach.
The giant cockroach is poisoned.
You kill the giant cockroach!
MP[-1]
You lost 1 mp, and now have 4/6 mp.
The sting hits the kobold.
The kobold is poisoned.
The kobold shouts!
You hear a shout!
Terence the Incautious comes into view.
He is wielding a +0 mace and carrying a wand of flame (9).
A dart slug comes into view.
MP[-1]
You lost 1 mp, and now have 3/6 mp.
You kill the kobold!
You start resting.
Terence is nearby!
MP[+1]
Casting: Sting (safe; 5% risk of failure)
Confirm with . or Enter, or press ? or * to list all spells.
Aiming: Sting (safe; 5% risk of failure)
Press: ? - help, Shift-Dir - straight line, f - Terence
Aim: Terence, wielding a +0 mace, wearing a +0 scale mail and carrying a wand of flame (9) (75% to hit)
You miscast Sting.
You are very lightly contaminated with residual magic.
Nothing appears to happen.
MP[-1]
You lost 1 mp, and now have 3/6 mp.
Terence shouts, "Get ready for death!"
Terence zaps a wand.
The puff of flame hits you.
HP[-5]
You take 5 damage, and now have 16/21 hp.
MASSIVE DAMAGE!! (PAUSE)
Casting: Sting (safe; 5% risk of failure)
Confirm with . or Enter, or press ? or * to list all spells.
Aiming: Sting (safe; 5% risk of failure)
Press: ? - help, Shift-Dir - straight line, f/p - Terence
Aim: Terence, wielding a +0 mace, wearing a +0 scale mail and carrying a wand of flame (8) (75% to hit)
The sting hits Terence.
Terence is poisoned.
MP[-1]
You lost 1 mp, and now have 2/6 mp.
Casting: Sting (safe; 5% risk of failure)
Confirm with . or Enter, or press ? or * to list all spells.
Aiming: Sting (safe; 5% risk of failure)
Press: ? - help, Shift-Dir - straight line, f/p - Terence
Aim: Terence, wielding a +0 mace, wearing a +0 scale mail and carrying a wand of flame (8) (lightly wounded, poisoned, 75% to hit)
The sting misses Terence.
Terence zaps a wand.
The puff of flame hits you!
* * * LOW HITPOINT WARNING * * *
HP[-8] MP[-1]
You take 8 damage, and now have 8/21 hp.
MASSIVE DAMAGE!! (PAUSE)
You lost 1 mp, and now have 1/6 mp.
Casting: Sting (safe; 5% risk of failure)
Confirm with . or Enter, or press ? or * to list all spells.
Aiming: Sting (safe; 5% risk of failure)
Press: ? - help, Shift-Dir - straight line, f/p - Terence
Aim: Terence, wielding a +0 mace, wearing a +0 scale mail and carrying a wand of flame (7) (lightly wounded, poisoned, 75% to hit)
The sting hits Terence but does no damage.
Terence looks even sicker.
Terence zaps a wand.
The puff of flame hits you.
* * * LOW HITPOINT WARNING * * *
HP[-6]
You take 6 damage, and now have 2/21 hp.
MASSIVE DAMAGE!! (PAUSE)
Casting: Sting (safe; 5% risk of failure)
Confirm with . or Enter, or press ? or * to list all spells.
Aiming: Sting (safe; 5% risk of failure)
Press: ? - help, Shift-Dir - straight line, f/p - Terence
Aim: Terence, wielding a +0 mace, wearing a +0 scale mail and carrying a wand of flame (6) (lightly wounded, very poisoned, 75% to hit)
The sting hits Terence but does no damage.
Terence looks even sicker.
MP[-1]
You lost 1 mp, and now have 0/6 mp.
You hit Terence but do no damage. You grab Terence. You constrict Terence.
Terence screams, "I'm going to kill you!"
Terence barely misses you.
Your magical contamination has completely faded away.
HP[+1]
You hit Terence but do no damage. You squeeze Terence! You constrict Terence.
Terence hits you with a +0 mace!
You die...

Skill      XL: |  1  2  3 |
---------------+----------+-----
Stealth        | 3 4 |  4.2
Poison Magic   | 4 |  4.5
Dodging        | |  2.0
Spellcasting   | |  2.4
Transmutations | |  1.0

Action                   || total
-------------------------++-------
Melee: Whip              ||    38
       Constrict         ||    14
       Unarmed           ||     1
       Tentacles         ||    11
       Punch             ||     1
 Cast: Sting             ||    51
 Stab: Sleeping          ||     2
Armor: Skin              ||     5
Dodge: Dodged            ||    41
Block: Other             ||    12
       Reflection        ||     1

Levels and vault maps discovered:
D:1:      dpeg_arrival_boxes_within_box, layout_basic, amcnicky_mini_pool_small
D:2:      layout_rooms, uniq_jessica, uniq_terence

Notes
Turn   | Place    | Note
-------+----------+-------------------------------------------
     0 | D:1      | zeratav the Octopode Venom Mage began the quest for the
                  | Orb.
     0 | D:1      | Reached XP level 1. HP: 11/11 MP: 3/3
     0 | D:1      | magus.rc [v1.9.6]
   149 | D:1      | Reached skill level 3 in Stealth
   291 | D:1      | Reached XP level 2. HP: 17/17 MP: 1/5
   304 | D:1      | Reached skill level 4 in Poison Magic
   723 | D:1      | Reached XP level 3. HP: 14/21 MP: 3/6
  1688 | D:2      | Reached skill level 4 in Stealth
  1909 | D:2      | Noticed Terence
  1926 | D:2      | HP: 2/21 [Terence/puff of flame (6)]
  1929 | D:2      | Slain by Terence

Vanquished Creatures
  An adder (D:2)
  A worm (D:2)
  3 dart slugs
  A ball python (D:1)
  2 endoplasms (D:1)
  A giant cockroach (D:2)
  2 goblins (D:1)
  4 hobgoblins
  4 jackals (D:1)
  3 quokkas (D:1)
  4 bats
  A frilled lizard (D:1)
  3 kobolds
  5 rats
35 creatures vanquished.

Table legend:
 A = Non-vault XP
 B = Vault XP
 C = Vault XP percentage of total XP
 D = Non-vault monster count
 E = Vault monster count
 F = Vault count percentage of total count
                 A         B        C        D         E       F
            +---------+---------+-------+---------+---------+-------
      Total |      79 |       0 |   0.0 |      35 |       0 |   0.0
            +---------+---------+-------+---------+---------+-------
        D:1 |      47 |       0 |   0.0 |      26 |       0 |   0.0
        D:2 |      32 |       0 |   0.0 |       9 |       0 |   0.0
            +---------+---------+-------+---------+---------+-------

Illustrated notes

Table legend:
 A = Kills in this place as a percentage of kills in entire the game.
 B = Kills by you in this place as a percentage of kills by you in the entire game.
 C = Kills by friends in this place as a percentage of kills by friends in the entire game.
 D = Other kills in this place as a percentage of other kills in the entire game.
 E = Experience gained in this place as a percentage of experience gained in the entire game.
 F = Experience gained in this place divided by the number of levels of this place that you have seen.
                   A       B       C       D       E      F
               +-------+-------+-------+-------+-------+----------------------
         Total | 100.0 | 100.0 |   N/A |   N/A | 100.0 |  39.5
       Dungeon | 100.0 | 100.0 |   N/A |   N/A | 100.0 |  39.5
               +-------+-------+-------+-------+-------+----------------------

Table legend: (Time is in decaauts)
 A = Elapsed time spent in this place.
 B = Non-inter-level travel time spent in this place.
 C = Inter-level travel time spent in this place.
 D = Time resting spent in this place.
 E = Time spent auto-exploring this place.
 F = Levels seen in this place.
 G = Mean time per level.
                   A        B        C        D        E       F      G
               +--------+--------+--------+--------+--------+-----+--------+
         Total |   1931 |   1893 |     38 |    454 |   1192 |   2 |  965.5 |
       Dungeon |   1931 |   1893 |     38 |    454 |   1192 |   2 |  965.5 |
               +--------+--------+--------+--------+--------+-----+--------+

Top non-repeatable levels by time:
     D:1: 1657 daAuts
     D:2: 273 daAuts
